 Dungeon Crawl Stone Soup version 0.31-a0-271-gb88eb75e06 (webtiles) character file.

Game seed: 18060495762807772519

95 qw the Shooter (level 4, 0/26 HPs)
             Began as a Gargoyle Hexslinger on July 14, 2023.
             Slain by an orc priest
             ... wielding a +0 hand axe
              (5 damage)
             ... on level 3 of the Dungeon.
             The game lasted 00:00:42 (1836 turns).

qw the Shooter (Gargoyle Hexslinger)                Turns: 1836, Time: 00:00:42

Health: 0/26       AC:  8    Str: 11    XL:     4   Next: 66%
Magic:  5/5        EV: 11    Int: 14    God:
Gold:   136        SH:  0    Dex: 14    Spells: 4/5 levels left

rFire   . . .        Y - +2 sling (flame)
rCold   . . .        (no shield)
rNeg    + + +        n - +1 leather armour {rN+}
rPois   inf          (no helmet)
rElec   +            (no cloak)
rCorr   .            (no gloves)
SInv    .            d - +0 pair of boots
Will    .....        (no amulet)
Stlth   +            e - ring of positive energy
HPRegen 0.24/turn    (no ring)
MPRegen 0.09/turn

%: no passive effects
@: no status effects
A: sickness immunity, AC +3, negative energy resistance 1, electricity
resistance, torment resistance 1, petrification resistance
a: no special abilities


You were on level 3 of the Dungeon.
You visited 1 branch of the dungeon, and saw 3 of its levels.

You collected 136 gold pieces.


Innate Abilities, Weirdness & Mutations

You are immune to sickness and miasma.
Your stone body is resilient. (AC +3)
You are immune to poison.
You resist negative energy. (rN+)
You are resistant to electric shocks. (rElec)
You are resistant to unholy torment.
You are immune to petrification.


   Skills:
 - Level 2.0 Fighting
 + Level 4.4 Ranged Weapons
 - Level 1.5 Dodging
 - Level 1.0 Spellcasting
 - Level 2.6 Hexes


You had 4 spell levels left.
You knew the following spells:

 Your Spells              Type           Power      Damage    Failure   Level
a - Slow                  Hex            32%        N/A       12%         1

Your spell library contained the following spells:

 Spells                   Type           Power      Damage    Failure   Level
 Inner Flame              Hex/Fire       4%         N/A       52%         3
 Portal Projectile        Hex/Tloc       8%         N/A       52%         3
 Cause Fear               Hex            4%         N/A       75%         4

Inventory:

Hand Weapons
 Y - a +2 sling of flaming (weapon)
Armour
 d - a +0 pair of boots (worn)
 n - a +1 leather armour of positive energy (worn)
Jewellery
 e - a ring of positive energy (left hand)
Potions
 a - a potion of enlightenment {unknown}
 b - a potion of degeneration {unknown}
 c - a potion of ambrosia {unknown}
 h - a potion of berserk rage {unknown}
 i - a potion of might
 j - a potion of curing
 m - a potion of magic {unknown}

Dungeon Overview and Level Annotations

Branches:
Dungeon (3/15)

Altars:


Message History

The orc wizard is heavily wounded.
An orc comes into view. It is wielding a +0 dagger.
The orc priest mumbles some strange prayers to Beogh against you.
Beogh smites you!
The orc priest begins to cast a cantrip, but forgets the words!
The giant cockroach bites you.
You shoot a sling bullet. The sling bullet hits the orc priest.
The sling bullet burns the orc priest.
The orc priest is almost dead.
The orc priest mumbles some strange prayers to Beogh against you.
Beogh smites you!
The orc priest calls upon Beogh to heal the orc priest.
The orc priest is healed somewhat.
The giant cockroach bites you but does no damage.
You shoot a sling bullet.
The sling bullet hits the orc priest but does no damage.
The orc priest is severely wounded.
The giant cockroach bites you but does no damage.
The orc priest hits you but does no damage.
The orc priest mumbles some strange prayers to Beogh against you.
You are unaffected.
The orc priest looks satisfied for a moment.
The giant cockroach misses you.
You shoot a sling bullet.
The sling bullet completely misses the orc priest.
The sling bullet hits the orc wizard.
The sling bullet burns the orc wizard.
The orc wizard is severely wounded.
The giant cockroach barely misses you. The orc priest closely misses you.
The orc priest hits you but does no damage.
You shoot a sling bullet. The sling bullet hits the orc priest.
The sling bullet burns the orc priest.
The orc priest is severely wounded.
The giant cockroach closely misses you.
The orc priest looks encouraged for a moment.
You shoot a sling bullet. The sling bullet hits the orc priest.
The sling bullet burns the orc priest.
The orc priest is almost dead.
The giant cockroach closely misses you.
The orc priest hits you with a +0 hand axe.
You die...

### #.. #.# ##.# ... ...#
#.# #..# #.# #..#
#.########..#
##@......##<.#
#ooB####.##..#
#o#.#.###.##.<#
...o......%##..##
#..#.#.#.###.##...#
..................######
##...........#..#........
#...o######.#..#..#####.
#..%B ...).....%..# #.


You could see 2 orc priests, an orc wizard, an orc and a giant cockroach.

Vanquished Creatures
  A sleepcap (D:3)
  2 adders (D:2)
  A dart slug (D:1)
  An orc (D:3)
  4 endoplasms
  3 giant cockroaches
  3 goblins (D:1)
  3 hobgoblins
  6 jackals (D:1)
  4 quokkas
  A ball python (D:2)
  7 bats
  4 frilled lizards
  3 kobolds
  A rat (D:3)
44 creatures vanquished.

Notes
Turn   | Place    | Note
-------+----------+-------------------------------------------
     0 | D:1      | qw the Gargoyle Hexslinger began the quest for the Orb.
     0 | D:1      | Reached XP level 1. HP: 12/12 MP: 2/2
     0 | D:1      | 0 ||| qw: Version: 0.3-a-52-g30416fa
     0 | D:1      | 0 ||| qw: Game counter: 7954
     0 | D:1      | 0 ||| qw: Melee chars always use a shield: true
     0 | D:1      | 0 ||| qw: God list: Okawaru
     0 | D:1      | 0 ||| qw: Allow faded altars: false
     0 | D:1      | 0 ||| qw: Do Orc after clearing Dungeon:15 true
     0 | D:1      | 0 ||| qw: Do second Lair branch before Depths: true
     0 | D:1      | 0 ||| qw: Lair rune preference: random
     0 | D:1      | 0 ||| qw: Goals: Normal
     0 | D:1      | 0 ||| PLANNING D:1-11
    90 | D:1      | Reached XP level 2. HP: 16/16 MP: 3/3
   214 | D:1      | Reached skill level 3 in Ranged Weapons
   353 | D:1      | Reached XP level 3. HP: 15/21 MP: 4/4
   819 | D:1      | 819 ||| UPGRADING to +0 pair of boots.
   824 | D:1      | 824 ||| UPGRADING to +0 ring mail.
   834 | D:1      | 834 ||| DROPPING +0 robe.
   835 | D:1      | 835 ||| UPGRADING to +1 leather armour of positive energy.
   845 | D:1      | 845 ||| DROPPING +0 ring mail.
   846 | D:1      | 846 ||| READING scroll labelled AZEREQEMUN.
   847 | D:1      | 847 ||| READING scroll labelled VIRABI GUNKU.
   848 | D:1      | 848 ||| READING scroll labelled GOCKE TONYED.
   849 | D:1      | 849 ||| DRINKING 2 blue potions.
   850 | D:1      | 850 ||| DROPPING scroll of poison.
   851 | D:1      | 851 ||| DROPPING potion of brilliance.
  1438 | D:2      | Reached XP level 4. HP: 24/26 MP: 5/5
  1681 | D:2      | 1681 ||| UPGRADING to ring of positive energy.
  1682 | D:2      | 1682 ||| READING scroll labelled MICAGHO XUNU.
  1683 | D:2      | 1683 ||| READING scroll labelled WUJYACHAFECH.
  1687 | D:2      | 1687 ||| DRINKING 2 ruby potions.
  1688 | D:2      | 1688 ||| DRINKING 2 purple potions.
  1715 | D:3      | Reached skill level 4 in Ranged Weapons
  1823 | D:3      | 1823 ||| Stepping ~*~*~tactically~*~*~ (outnumbered).
  1825 | D:3      | 1825 ||| Stepping ~*~*~tactically~*~*~ (outnumbered).
  1832 | D:3      | HP: 3/26 [orc priest/divine providence (12)]
  1836 | D:3      | Slain by an orc priest

Levels and vault maps discovered:
D:1:      mrwooster_arrival_statue_2, layout_loops_ring, st_stairs_12,
          chequers_serial_rivers_small_3, minmay_misc_feat_plants,
          dk_noncrumbling_2, serial_bayou_pond_b
D:2:      layout_basic
D:3:      layout_loops_ring, nicolae_uskayaw_en_pointe, grunt_dithmenos_smoke,
          mainiacjoe_overflow_alcove_1

Skill      XL: |  1  2  3  4 |
---------------+-------------+-----
Ranged Weapons | 3 4 |  4.4
Fighting       | 2 |  2.0
Dodging        | |  1.5
Spellcasting   | |  1.0
Hexes          | |  2.6

Action                     |  1- 3 |  4- 6 || total
---------------------------+-------+-------++-------
   Fire: Sling             |   114 |    27 ||   141
    Use: Scroll            |     3 |     2 ||     5
         Potion            |     1 |     2 ||     3
 Armour: Robe              |     7 |       ||     7
         Leather armour    |     8 |     9 ||    17
  Dodge: Dodged            |    40 |     7 ||    47

Table legend:
 A = Non-vault XP
 B = Vault XP
 C = Vault XP percentage of total XP
 D = Non-vault monster count
 E = Vault monster count
 F = Vault count percentage of total count
                 A         B        C        D         E       F
            +---------+---------+-------+---------+---------+-------
      Total |     130 |       7 |   5.1 |      39 |       5 |  11.4
            +---------+---------+-------+---------+---------+-------
        D:1 |      42 |       7 |  14.3 |      22 |       5 |  18.5
        D:2 |      42 |       0 |   0.0 |      12 |       0 |   0.0
        D:3 |      46 |       0 |   0.0 |       5 |       0 |   0.0
            +---------+---------+-------+---------+---------+-------
